 Dungeon Crawl Stone Soup version 0.28.0-47-ge53b351184 (webtiles) character file.

Game seed: 11299489939796604875

893 Gabide the Grave Robber (level 7, -22/54 HPs)
             Began as a Mummy Necromancer on Apr 28, 2022.
             Killed from afar by Maggie (39 damage)
             ... with a bolt of fire
             ... on level 6 of the Dungeon.
             The game lasted 00:14:02 (7655 turns).

Gabide the Grave Robber (Mummy Necromancer)         Turns: 7655, Time: 00:14:03

Health: -22/54     AC:  3    Str: 11    XL:     7   Next: 78%
Magic:  6/15       EV: 13    Int: 17    God:
Gold:   209        SH:  0    Dex: 12    Spells: 4/17 levels left

rFire   x . .      SeeInvis .   g - +4 quarterstaff (chaos)
rCold   + . .      Faith    .   (shield currently unavailable)
rNeg    + + +      Spirit   .   a - +0 robe
rPois   ∞          Reflect  .   (no helmet)
rElec   .          Harm     .   i - +0 cloak
rCorr   +          Rampage  .   (no gloves)
Will    .....                   (no boots)
Stlth   ++........              (no amulet)
HPRegen 0.18/turn               n - ring of resist corrosion
MPRegen 0.14/turn               (no ring)

@: about to teleport, marked, mesmerised
A: cold resistance 1, negative energy resistance 3, torment resistance 2, heat
vulnerability 1, no potions
a: no special abilities


You were on level 6 of the Dungeon.
You visited 1 branch of the dungeon, and saw 6 of its levels.

You collected 209 gold pieces.

Inventory:

Hand Weapons
 f - a +2 dagger
 g - a +4 quarterstaff of chaos (weapon)
 p - a +0 mace of venom
Armour
 a - a +0 robe (worn)
 e - a scarf of harm
 i - a +0 cloak (worn)
Jewellery
 n - a ring of resist corrosion (left hand)
Scrolls
 b - a scroll of blinking
 c - a scroll of silence
 d - a scroll of identify
 h - 2 scrolls of fog
 j - a scroll of amnesia
 l - a scroll of magic mapping
 m - a scroll of enchant armour {unknown}
 o - a scroll of immolation {unknown}


   Skills:
 * Level 4.0 Fighting
 * Level 3.6 Dodging
 + Level 3.0 Stealth
 * Level 5.6 Spellcasting
 * Level 5.7 Necromancy


You had 4 spell levels left.
You knew the following spells:

 Your Spells              Type           Power      Damage    Failure   Level
a - Pain                  Necr           96%        1d8       1%          1
b - Vampiric Draining     Necr           24%        2d7       3%          3
c - Animate Dead          Necr           12%        N/A       13%         4
d - Agony                 Necr           24%        N/A       34%         5

Your spell library contained the following spells:

 Spells                   Type           Power      Damage    Failure   Level
 Animate Skeleton         Necr           48%        N/A       1%          1
 Shock                    Conj/Air       16%        1d4       14%         1
 Sting                    Tmut/Pois      16%        1d3       14%         1
 Poisonous Vapours        Pois/Air       8%         N/A       21%         2
 Swiftness                Air            4%         N/A       38%         3
 Airstrike                Air            2%         N/A       80%         4
 Olgreb's Toxic Radiance  Pois           4%         N/A       80%         4
 Excruciating Wounds      Necr           12%        N/A       34%         5


Dungeon Overview and Level Annotations

Branches:
Dungeon (6/15)
 Temple: D:4-7

Altars:
Cheibriados
Fedhas
Ru
Trog
Vehumet

Shops:
D:5 :[[

Portals:
Abyss: D:5

Annotations:
D:5 2 transporters, Kangaroobicon's ghost, novice GnBr
D:6 Maggie


Innate Abilities, Weirdness & Mutations

You are immune to poison.
Your flesh is cold resistant. (rC+)
You are immune to negative energy. (rN+++)
You are immune to unholy pain and torment.
You are vulnerable to heat. (rF-)
You do not drink.


Message History

Something hits you!!
Unknown command.
You cannot move away from Maggie!
Casting: Vampiric Draining (dangerous; 3% risk of failure)
Confirm with . or Enter, or press ? or * to list all spells.
You can't see any susceptible monsters within range! (Use Z to cast anyway.)
Casting: Vampiric Draining (dangerous; 3% risk of failure)
Confirm with . or Enter, or press ? or * to list all spells.
You can't see any susceptible monsters within range! (Use Z to cast anyway.)
Casting: Vampiric Draining (dangerous; 3% risk of failure)
Confirm with . or Enter, or press ? or * to list all spells.
Aiming: Vampiric Draining (dangerous; 3% risk of failure)
Press: ? - help, Shift-Dir - straight line You draw life force from something!
You feel life coursing into your body. Something hits you!
* * * LOW HITPOINT WARNING * * *
Unknown command.
You aren't carrying any items that you can evoke.
Blink to where?
Press: ? - help, Dir - move target You cannot blink away from Maggie!
Blink to where?
Press: ? - help, Dir - move target, f - you
Okay, then.
As you read the scroll of teleportation, it crumbles to dust.
You feel strangely unstable.
A howler monkey comes into view.
An adder comes into view.
Something completely misses you.
The howler monkey hoots and howls with incredible vigour!
Casting: Vampiric Draining (dangerous; 3% risk of failure)
Confirm with . or Enter, or press ? or * to list all spells.
Aiming: Vampiric Draining (dangerous; 3% risk of failure)
Press: ? - help, Shift-Dir - straight line You draw life force from something!
You feel life coursing into your body. The adder bites you.
You hear some strange, mumbled words.
A bolt of fire appears from out of thin air!
The bolt of fire hits you!!! The fire burns you terribly!
Ouch! That really hurt!
You die...

#.# ... #.#
#.# #.# #.#
#.#
####.####
#@{l....#
#S##..#.#
#.##.#..#
#.#.###.#
#.#..# ..#
#S#.#.# .#
#...@....#
h.........
.##$##l#.##


You could see a howler monkey (catching breath), an iguana and 2 adders.

Vanquished Creatures
  Grinder (D:5)
  Prince Ribbit (D:5)
  A phantom (D:4)
  2 scorpions
  A hound (D:5)
  Crazy Yiuf (D:5)
  A hound skeleton (D:4)
  6 gnolls
  8 adders
  2 ufetubi (D:5)
  2 dart slugs
  8 orcs
  3 endoplasms
  5 giant cockroaches
  6 goblins
  6 hobgoblins
  6 jackals
  4 quokkas
  11 ball pythons
  3 bats
  3 frilled lizards
  9 kobolds
  6 rats
96 creatures vanquished.

Notes
Turn   | Place    | Note
-------+----------+-------------------------------------------
     0 | D:1      | Gabide the Mummy Necromancer began the quest for the Orb.
     0 | D:1      | Reached XP level 1. HP: 13/13 MP: 4/4
   140 | D:1      | Reached XP level 2. HP: 18/20 MP: 0/5
   633 | D:1      | Reached skill level 1 in Fighting
  1120 | D:1      | Reached XP level 3. HP: 22/26 MP: 3/7
  1725 | D:2      | Found a faded altar of an unknown god.
  2355 | D:2      | Reached XP level 4. HP: 32/32 MP: 3/9
  3158 | D:3      | Found a sacrificial altar of Ru.
  3742 | D:3      | Found a blossoming altar of Fedhas.
  3757 | D:3      | Learned a level 3 spell: Vampiric Draining
  3762 | D:3      | Learned a level 4 spell: Animate Dead
  4045 | D:3      | Reached XP level 5. HP: 36/38 MP: 5/10
  4568 | D:4      | Noticed a phantom
  5385 | D:5      | Entered Level 5 of the Dungeon
  5391 | D:5      | Reached XP level 6. HP: 46/46 MP: 6/12
  5462 | D:5      | Found Xeecethry's Book Boutique.
  5510 | D:5      | Noticed Kangaroobicon's ghost (novice GnBr)
  5538 | D:5      | Found Nudd's Antique Armour Emporium.
  5542 | D:5      | Found Arai's Armour Shoppe.
  5857 | D:5      | Found a transporter.
  5944 | D:5      | Found a radiant altar of Vehumet.
  5944 | D:5      | Found a snail-covered altar of Cheibriados.
  5944 | D:5      | Noticed Prince Ribbit
  5945 | D:5      | Found a bloodstained altar of Trog.
  5954 | D:5      | Killed Prince Ribbit
  5955 | D:5      | Reached skill level 5 in Necromancy
  5955 | D:5      | Reached XP level 7. HP: 52/52 MP: 1/14
  6085 | D:5      | Reached skill level 5 in Spellcasting
  6477 | D:5      | Found a transporter.
  6547 | D:5      | Noticed Grinder
  6558 | D:5      | Paralysed by Grinder for 7 turns
  6629 | D:5      | Paralysed by Grinder for 2 turns
  6635 | D:5      | Killed Grinder
  6949 | D:5      | Found a one-way gate to the infinite horrors of the Abyss.
  7169 | D:5      | Found a runed translucent door.
  7170 | D:5      | Noticed Crazy Yiuf
  7340 | D:5      | Killed Crazy Yiuf
  7401 | D:5      | Learned a level 5 spell: Agony
  7640 | D:6      | Noticed Maggie
  7655 | D:6      | Killed from afar by Maggie

Illustrated notes

Levels and vault maps discovered:
D:1:      dpeg_arrival_water_temple_mockup, layout_loops_corners
D:2:      layout_loops_corners, chequers_ecumenical_altar_simple
D:3:      layout_loops_corners, fedhas_altar_2, overflow_temple_1_default,
          minmay_cut_off
D:4:      layout_rooms
D:5:      layout_loops_ring, gammafunk_temple_overflow_claw, serial_shops, shop,
          shop, nicolae_shop_waterfront, gammafunk_ghost_abyssal_escape,
          kennysheep_big_empty_room, uniq_grinder, uniq_prince_ribbit1,
          uniq_crazy_yiuf_cottage
D:6:      layout_loops_cross, nemelex_xobeh_ov_fountains_minmay,
          mainiacjoe_overflow_concentric_impassable, serial_shops,
          nicolae_shop_competitors_out_of_business, st_stairs_9, uniq_eustachio,
          uniq_maggie

Skill      XL: |  1  2  3  4  5  6  7 |
---------------+----------------------+-----
Spellcasting   | 3 4 5 |  5.6
Fighting       | 1 2 3 4 |  4.0
Dodging        | 2 3 |  3.6
Stealth        | 2 3 |  3.0
Necromancy     | 5 |  5.7

Action                   |  1- 3 |  4- 6 |  7- 9 || total
-------------------------+-------+-------+-------++-------
Melee: Unarmed           |    17 |       |       ||    17
       Punch             |     1 |       |     1 ||     2
       Dagger            |     3 |    45 |    29 ||    77
       Quarterstaff      |       |       |     8 ||     8
Throw: Throwing net      |       |       |     7 ||     7
 Cast: Pain              |    95 |   121 |     6 ||   222
       Animate Dead      |       |     1 |       ||     1
       Vampiric Draining |       |     2 |     5 ||     7
  Use: Scroll            |       |     5 |     5 ||    10
 Stab: Held in net/web   |       |       |     4 ||     4
Armor: Robe              |     9 |     7 |     3 ||    19
Dodge: Dodged            |    28 |    53 |    18 ||    99
